 Dungeon Crawl Stone Soup version 0.28.0-43-g3370ac3207 (webtiles) character file.

Game seed: 18321574721108758713

1498 croobank the Shield-Bearer (level 8, 0/109 HPs)
             Began as a Minotaur Fighter on Apr 1, 2022.
             Slain by a vampire (10 damage)
             ... on level 6 of the Dungeon.
             The game lasted 00:15:07 (5423 turns).

croobank the Shield-Bearer (Minotaur Fighter)       Turns: 5423, Time: 00:15:08

Health: 0/109      AC: 28    Str: 22    XL:     8   Next: 52%
Magic:  7/7        EV:  2    Int:  5    God:
Gold:   259        SH:  6    Dex: 17    Spells: 7/7 levels left

rFire   . . .      SeeInvis .   a - +4 spear
rCold   . . .      Faith    .   c - +0 buckler
rNeg    . . .      Spirit   .   (armour currently unavailable)
rPois   +          Reflect  .   (helmet currently unavailable)
rElec   .          Harm     .   (cloak currently unavailable)
rCorr   .          Rampage  .   (gloves currently unavailable)
Will    .....      NoTele   +   (boots currently unavailable)
Stlth   ++........              (no amulet)
HPRegen 0.28/turn               f - +4 ring of protection
MPRegen 0.10/turn               q - +6 ring of dexterity

@: mighty, tree-form, hasted, very quick
A: stationary, stasis, torment immunity, boosted hp, (horns 2), (retaliatory
headbutt)
a: no special abilities


You were on level 6 of the Dungeon.
You were a tree.
You visited 1 branch of the dungeon, and saw 6 of its levels.
You also visited: Ossuary.

You collected 259 gold pieces.

Inventory:

Hand Weapons
 a - a +4 spear (weapon)
 n - a +0 hand crossbow
 s - a +0 war axe
Missiles
 e - 157 stones (quivered)
 g - 57 arrows
 i - 2 poisoned darts
 l - 52 bolts
 o - 2 throwing nets
Armour
 b - a +0 scale mail
 c - a +0 buckler (worn)
 k - a +1 pair of boots (melded)
 y - a +0 cloak (melded)
 A - a +0 chain mail (melded)
Jewellery
 f - a +4 ring of protection (left branch)
 q - a +6 ring of dexterity (right branch)
 w - a ring of protection from fire
Wands
 m - a wand of digging (2)
 z - a wand of paralysis (3)
 D - a wand of charming (12)
Scrolls
 h - a scroll of teleportation
 r - 2 scrolls of amnesia
 B - a scroll of noise
 F - a scroll of fear {unknown}
 G - a scroll of torment {unknown}
 H - a scroll of immolation
Potions
 d - a potion of might
 j - 2 potions of curing
 t - a potion of flight
 E - a potion of mutation


   Skills:
 + Level 7.3 Fighting
 - Level 3.2(4.9) Axes
 + Level 5.7(6.1) Polearms
 + Level 7.3 Armour
 + Level 7.3 Shields


You had 7 spell levels left.
You didn't know any spells.
Your spell library contained the following spells:

 Spells                   Type           Power      Damage    Failure   Level
 Blink                    Tloc           0%         N/A       69%         2
 Lesser Beckoning         Tloc           0%         N/A       89%         3
 Manifold Assault         Tloc           0%         N/A       100%        5


Dungeon Overview and Level Annotations

Branches:
Dungeon (6/15)            Ossuary (visited)
 Temple: D:4-7

Altars:

Shops:
D:5 *


Innate Abilities, Weirdness & Mutations

You are a tree.
Your roots penetrate the ground, keeping you stationary.
You cannot be teleported.
You are immune to unholy pain and torment.
Your maximum health is greatly increased.
Your equipment is partially melded.
((You have a pair of horns on your head.))
((You reflexively headbutt those who attack you in melee.))


Message History

Aiming: Paralyse
Press: ? - help, Shift-Dir - straight line, f - centaur
Aim: a centaur, wielding a +0 shortbow and quivering arrows (chance to affect: 49%)
The centaur resists with some effort.
Something hits you.
* * * LOW HITPOINT WARNING * * *
Something bites you but does no damage.
The necrophage hits you but does no damage.
You feel better. You block the shadow imp's attack. Something hits you.
* * * LOW HITPOINT WARNING * * *
Something bites you but does no damage. You block the necrophage's attack.
You feel better.
The centaur unwields a +0 shortbow.
The centaur hits you but does no damage.
The centaur kicks you but does no damage.
The shadow imp hits you but does no damage.
You feel very mighty all of a sudden. Something hits you!
* * * LOW HITPOINT WARNING * * *
Something bites you.
* * * LOW HITPOINT WARNING * * *
Something draws strength from your injuries!
The necrophage hits you but does no damage.
The centaur hits you but does no damage.
The centaur kicks you but does no damage.
You puncture the necrophage!
You destroy the necrophage!
The shadow imp hits you but does no damage.
Something hits you but does no damage. Something bites you but does no damage.
The centaur hits you but does no damage.
The centaur kicks you but does no damage.
Unknown command.
You puncture the centaur!
The centaur is heavily wounded.
A vampire appears from thin air!
Reactivating autopickup.
The shadow imp hits you but does no damage.
You puncture the centaur!
You kill the centaur!
The vampire hits you but does no damage.
The vampire bites you!
You die...

..#### #......
##.......
##........
##.........
##..........
##...........
##...)......(.
##....♣........
##....5.V.......
#...............
#...............
#...............
#......[.......$
#...............
##...............
##...............


You could see a vampire and a shadow imp.

Vanquished Creatures
  3 sky beasts (D:5)
  3 ogres
  A centaur (D:6)
  2 necrophages
  A phantom (D:4)
  2 elf zombies
  An elf skeleton (D:5)
  A howler monkey (D:4)
  4 human zombies
  2 centaur zombies
  An orc priest (D:4)
  A centaur skeleton (D:3)
  A human skeleton (D:5)
  Ijyb (D:5)
  An orc wizard (D:3)
  2 mummies (Ossuary)
  6 adders
  A shadow imp (D:5)
  A white imp (D:5)
  An adder zombie (Ossuary)
  An adder skeleton (D:4)
  A dart slug (D:1)
  6 orcs
  11 endoplasms
  A giant cockroach (D:3)
  5 goblins
  7 hobgoblins
  4 jackals
  5 kobolds
  4 quokkas
  6 ball pythons
  2 bats
  3 frilled lizards
  A goblin zombie (Ossuary)
  12 hobgoblin zombies (Ossuary)
  A jackal zombie (Ossuary)
  7 kobold zombies (Ossuary)
  2 orc skeletons (D:5)
  8 orc zombies (Ossuary)
  5 rats
  A rat zombie (Ossuary)
129 creatures vanquished.

Notes
Turn   | Place    | Note
-------+----------+-------------------------------------------
     0 | D:1      | croobank the Minotaur Fighter began the quest for the Orb.
     0 | D:1      | Reached XP level 1. HP: 19/19 MP: 0/0
   283 | D:1      | Reached XP level 2. HP: 27/27 MP: 1/1
   897 | D:1      | Reached XP level 3. HP: 33/33 MP: 2/2
  1168 | D:2      | Found a faded altar of an unknown god.
  1727 | D:3      | Reached XP level 4. HP: 41/41 MP: 3/3
  1861 | D:3      | Reached skill level 1 in Polearms
  2295 | D:3      | Reached XP level 5. HP: 46/47 MP: 4/4
  2610 | D:4      | Noticed a phantom
  2610 | D:4      | Noticed a necrophage
  2623 | D:4      | Killed a necrophage
  2624 | D:4      | Reached skill level 5 in Fighting
  2624 | D:4      | Reached skill level 5 in Armour
  2624 | D:4      | Reached skill level 5 in Shields
  2624 | D:4      | Reached XP level 6. HP: 55/56 MP: 5/5
  3635 | D:5      | Entered Level 5 of the Dungeon
  3635 | D:5      | Found Ycvuef's Assorted Antiques.
  3643 | D:5      | Noticed a sky beast
  3656 | D:5      | Killed a sky beast
  3965 | D:5      | Reached XP level 7. HP: 57/62 MP: 6/6
  4002 | D:5      | Found a sand-covered staircase.
  4018 | Ossuary  | Entered an ossuary
  4751 | D:5      | Reached XP level 8. HP: 66/71 MP: 7/7
  4845 | D:5      | Reached skill level 5 in Polearms
  4938 | D:5      | Noticed Ijyb
  4946 | D:5      | Killed Ijyb
  5423 | D:6      | Slain by a vampire

Illustrated notes

Levels and vault maps discovered:
D:1:      co_arrival_random_square_maze, layout_loops_corners
D:2:      layout_basic, hellmonk_ecumenical_altar_leap_of_faith
D:3:      layout_loops_ring, serial_rivers, chequers_serial_rivers_small_b,
          chequers_serial_rivers_large_b, chequers_serial_rivers_micro_c,
          chequers_serial_rivers_micro_e, nicolae_figureground_sparkle
D:4:      layout_layer_cave
D:5:      layout_basic, nicolae_ossuary_entry_catacombs, serial_shops,
          nicolae_shop_hallway_stairs, uniq_ijyb
D:6:      layout_basic, ebering_ghost_reflecting_pool

Skill      XL: |  1  2  3  4  5  6  7  8 |
---------------+-------------------------+-----
Fighting       | 4 5 6 7 |  7.3
Armour         | 4 5 6 7 |  7.3
Shields        | 4 5 6 7 |  7.3
Axes           | 3 |  3.2
Polearms       | 1 2 3 4 5 |  5.7

Action                   |  1- 3 |  4- 6 |  7- 9 || total
-------------------------+-------+-------+-------++-------
Melee: War axe           |    90 |       |       ||    90
       Headbutt          |     9 |    14 |    48 ||    71
       Spear             |     5 |    97 |   229 ||   331
Evoke: Wand              |       |     5 |     2 ||     7
  Use: Scroll            |       |     4 |    10 ||    14
       Potion            |       |       |     8 ||     8
 Stab: Paralysed         |       |       |     3 ||     3
Armor: Scale mail        |    54 |    41 |    59 ||   154
       Chain mail        |       |       |    38 ||    38
       Skin              |       |       |    31 ||    31
Dodge: Dodged            |    35 |    37 |    44 ||   116
Block: Buckler           |    28 |    25 |    54 ||   107
